 Dungeon Crawl Stone Soup version 0.18.1-8-gdd0e5ea (webtiles) character file.

7 Implojin the Insei (level 1, 0/18 HPs)
             Began as a Mummy Monk on May 22, 2016.
             Slain by a bat (1 damage)
             ... on level 1 of the Dungeon.
             The game lasted 00:00:49 (347 turns).

Implojin the Insei (Mummy Monk)                      Turns: 347, Time: 00:00:49

Health: 0/18       AC:  0    Str: 14    XL:     1   Next: 83%
Magic:  1/1        EV: 13    Int:  9    God:
Gold:   46         SH:  0    Dex: 14    Spells: 0 memorised, 0 levels left

rFire  x . .     SeeInvis .       - Unarmed
rCold  + . .     Gourm    .     (no armour)
rNeg   + + +     Faith    .     (no shield)
rPois  ∞         Spirit   .     (no helmet)
rElec  .         Dismiss  .     (no cloak)
rCorr  .         Reflect  .     (no gloves)
SustAt .         Harm     .     (no boots)
MR     .....                    (no amulet)
Stlth  ++........               (no ring)
                                (no ring)

@: not resistant to hostile enchantments, unstealthy
A: no food or potions, fire vulnerability, cold resistance 1, negative energy
resistance 3, torment resistance, unbreathing
a: no special abilities


You were on level 1 of the Dungeon.
You were not hungry.

You visited 1 branch of the dungeon, and saw 1 of its levels.

You collected 46 gold pieces.

Inventory:

Scrolls
 a - a scroll of identify {unknown}
 b - a scroll of immolation {unknown}
 c - a scroll of fear {unknown}


   Skills:
 - Level 3.0 Fighting
 - Level 2.4 Dodging
 - Level 1.5 Stealth
 * Level 3.6 Unarmed Combat


You couldn't memorise any spells.
You didn't know any spells.

Dungeon Overview and Level Annotations

Branches:
Dungeon (1/15)

Altars:


Innate Abilities, Weirdness & Mutations

You do not eat or drink.
Your flesh is vulnerable to fire.
You are immune to poison.
Your flesh is cold resistant.
You are immune to negative energy.
You are immune to unholy pain and torment.
You can survive without breathing.


Message History

You see here a scroll labeled VAESEU FITA.
b - a scroll labeled VAESEU FITA A bat and a jackal come into view.
The jackal barks!
The bat hits you.
A jackal comes into view.
You see here a scroll labeled QANORHUSKAEL.
c - a scroll labeled QANORHUSKAEL The bat barely misses you.
The jackal moves out of view.
The bat hits you. The bat closely misses you. The bat hits you. x2
The bat closely misses you. The bat hits you. The bat hits you. x2
The bat closely misses you. The bat hits you. The bat misses you.
The bat closely misses you.
You completely miss the bat. Your punch misses the bat. The bat hits you.
* * * LOW HITPOINT WARNING * * *
You barely miss the jackal. The jackal bites you.
* * * LOW HITPOINT WARNING * * *
You hit the jackal.
You kill the jackal!
The bat hits you.
* * * LOW HITPOINT WARNING * * *
The bat hits you.
* * * LOW HITPOINT WARNING * * *
You hit the bat but do no damage. The bat hits you.
* * * LOW HITPOINT WARNING * * *
The bat misses you. The bat hits you.
* * * LOW HITPOINT WARNING * * *
Read which item? (? for menu, Esc to quit)
Okay, then.
You see here a pair of glowing gloves.
The bat completely misses you. The bat hits you.
* * * LOW HITPOINT WARNING * * *
The bat hits you.
* * * LOW HITPOINT WARNING * * *
The bat barely misses you. The bat misses you.
Unknown command.
The bat barely misses you. The bat hits you.
You die...

#.# #.####.####### # #..
#......>.....####.# #.#
#................# #.#
#.#######.###.#### #.# .
#####.# #.# #.##.
#....[# #.# #.##.
....###.###.#### #.##.
#. #.bb@....# ##.##.
#.....#..# ##...#.
.....##..#^.######......
##.#.##..#..............
#.#.##..##.###.........
. #.##..##)# #.#.......
. ......##.# #.##.....#
## #. #.###..>..###...##
#####.# #.###


You could see 2 bats.

Vanquished Creatures
  A bat (D:1)
  2 goblins (D:1)
  A hobgoblin (D:1)
  A jackal (D:1)
5 creatures vanquished.

Notes
Turn   | Place    | Note
--------------------------------------------------------------
     0 | D:1      | Implojin the Mummy Monk began the quest for the Orb.
     0 | D:1      | Reached XP level 1. HP: 18/18 MP: 1/1
   347 | D:1      | Slain by a bat

Action                   || total
-------------------------++-------
Melee: Unarmed           ||    23
       Punch             ||     1
Dodge: Dodged            ||    22

Table legend:
 A = Turns spent in this place as a percentage of turns spent in the entire game.
 B = Non-inter-level travel turns spent in this place as a percentage of non-inter-level travel turns spent in the entire game.
 C = Inter-level travel turns spent in this place as a percentage of turns spent in this place.
 D = Turns resting spent in this place as a percentage of non-inter-level travel turns spent in this place.
 E = Turns spent auto-exploring this place as a percentage of non-inter-level travel turns spent in this place.
 F = Non-inter-level travel turns spent in this place divided by the number of levels of this place that you've seen.
                   A       B       C       D       E      F
               +-------+-------+-------+-------+-------+----------------------
         Total | 100.0 | 100.0 |   0.0 |   3.4 |   6.0 | 117.0
       Dungeon | 100.0 | 100.0 |   0.0 |   3.4 |   6.0 | 117.0
               +-------+-------+-------+-------+-------+----------------------

Table legend:
 A = Kills in this place as a percentage of kills in entire the game.
 B = Kills by you in this place as a percentage of kills by you in the entire game.
 C = Kills by friends in this place as a percentage of kills by friends in the entire game.
 D = Other kills in this place as a percentage of other kills in the entire game.
 E = Experience gained in this place as a percentage of experience gained in the entire game.
 F = Experience gained in this place divided by the number of levels of this place that you have seen.
                   A       B       C       D       E      F
               +-------+-------+-------+-------+-------+----------------------
         Total | 100.0 | 100.0 |  -nan |  -nan | 100.0 |  10.0
       Dungeon | 100.0 | 100.0 |  -nan |  -nan | 100.0 |  10.0
               +-------+-------+-------+-------+-------+----------------------
